 Dungeon Crawl Stone Soup version 0.14-a0-2644-gcc8e764 (webtiles) character file.

120 Psiweapon the Skirmisher (level 3, -1/24 HPs)
             Began as a Gargoyle Fighter on Feb 17, 2014.
             Slain by Crazy Yiuf
             ... wielding a +2,+4 quarterstaff of chaos
              (13 damage)
             ... on Level 2 of the Dungeon.
             The game lasted 00:05:14 (1794 turns).

Psiweapon the Skirmisher (Gargoyle Fighter)         Turns: 1794, Time: 00:05:14

HP  -1/24        AC 11     Str 20      XL: 3   Next: 75%
MP   3/3         EV  6     Int  8      God:
Gold 71          SH 18     Dex  9      Spells:  0 memorised,  2 levels left

rFire  . . .     SeeInvis .     a - +0 mace
rCold  . . .     Clarity  .     b - +0 scale mail
rNeg   + . .     Conserve .     c - +0 shield
rPois  +         rCorr    .     m - +0 helmet
rElec  +         rRot     +     (no cloak)
SustAb . .       Spirit   .     (no gloves)
rMut   .         Warding  .     (no boots)
Saprov . . .     Stasis   .     (no amulet)
MR     +....                    (no ring)
                                o - ring of protection from magic {unknown}

@: somewhat resistant to hostile enchantments, extremely unstealthy
A: life protection 1, electricity resistance, unbreathing, petrification
resistance, AC +3
a: no special abilities


You were on level 2 of the Dungeon.
You were not hungry.

You visited 1 branch of the dungeon, and saw 4 of its levels.

You collected 71 gold pieces.

Inventory:

Hand weapons
 a - a +0,+0 mace (weapon)
Armour
 b - a +0 scale mail (worn)
 c - a +0 shield (worn)
 m - a +0 helmet (worn)
Comestibles
 d - a bread ration
 r - a chunk of giant gecko flesh
Scrolls
 h - 3 scrolls of identify {unknown}
 i - a scroll of amnesia {unknown}
 l - 2 scrolls of remove curse {unknown}
 n - a scroll of curse jewellery {unknown}
 p - 2 scrolls of enchant weapon II {unknown}
 q - 2 scrolls of fog {unknown}
Jewellery
 o - a ring of protection from magic (left hand) {unknown}
Potions
 e - a potion of degeneration {unknown}
 f - a potion of magic {unknown}
 g - 2 potions of cure mutation {unknown}
 j - a potion of brilliance {unknown}
 k - 4 potions of speed {unknown}


   Skills:
 + Level 3.8 Fighting
 + Level 2.7 Maces & Flails
 + Level 3.8 Armour
 + Level 3.8 Shields


You had 2 spell levels left.
You didn't know any spells.

Dungeon Overview and Level Annotations

Branches:
Dungeon (4/16)
 Temple: D:4-7

Altars:

Annotations:
D:2 Crazy Yiuf


Innate Abilities, Weirdness & Mutations

You are resistant to torment.
You are immune to poison.
Your stone body is very resilient (AC +3).
You resist negative energy.
You are resistant to electric shocks.
You can survive without breathing.
You are immune to petrification.


Message History

You continue butchering the corpse.
You finish butchering the giant gecko corpse.
r - a chunk of giant gecko flesh
l - 2 scrolls labeled NOX ROHEUSYEHI (gained 1) Crazy Yiuf comes into view.
He is wielding a quarterstaff of chaos.
Crazy Yiuf shouts!
Found a dwarven hammer.
You hit Crazy Yiuf.
Crazy Yiuf is moderately wounded.
Crazy Yiuf says, "Action light Hive!"
Crazy Yiuf hits you with a quarterstaff of chaos.
You hit Crazy Yiuf.
Crazy Yiuf is heavily wounded.
Crazy Yiuf barely misses you.
Crazy Yiuf hits you with a quarterstaff of chaos!
You hit Crazy Yiuf.
Crazy Yiuf is severely wounded.
Crazy Yiuf hits you but does no damage. Space warps horribly around you!
Ouch! That really hurt!
You die...

#........# #.#####
#.######.# #.....# #.#
#.###.....# #.#
#.........# ###
#####.....# ♣♣♣♣♣♣#
#.....#
♣♣♣♣♣♣♣♣###.#.####
#♣♣♣.♣...........##
#♣@.♣..f....#.....#
#....g♣♣♣♣......####..#
#)..#♣♣♣♣♣♣f....# #..#
### #♣ ♣♣♣♣##..####..#
♣♣♣##....##...
#..%.....#
######....###.#
#..##...### #.#
#..##...#####.#


You could see Crazy Yiuf.

Vanquished Creatures
  An adder (D:3)
  3 giant geckos (D:2)
  2 orcs (D:3)
  3 ball pythons
  2 bats
  7 goblins
  6 hobgoblins
  3 kobolds (D:1)
  A giant newt (D:1)
  2 rats (D:1)
30 creatures vanquished.

Notes
Turn   | Place    | Note
--------------------------------------------------------------
     0 | D:1      | Psiweapon, the Gargoyle Fighter, began the quest for the Orb.
     0 | D:1      | Reached XP level 1. HP: 14/14 MP: 1/1
   402 | D:1      | Reached XP level 2. HP: 13/19 MP: 2/2
  1009 | D:1      | Reached XP level 3. HP: 23/23 MP: 3/3
  1788 | D:2      | Noticed Crazy Yiuf
  1794 | D:2      | Slain by Crazy Yiuf

Action                   || total
-------------------------++-------
Melee: Mace              ||   108
